AoeStats
← 吾问无为谓

QS Arena

503340804Analyzed
4v4 RM · 1mo ago on Aug 31, 2026· 37m 33s· 8 players
Game mode
Random Map
Map size
Large (8 player)
Population
200
Speed
Normal
Resources
Standard
Victory
Conquest
Starting age
Dark Age
Ending age
Imperial Age
RankedLock teamsTeams togetherTeam positionsShared explorationLock speedFull tech treeHidden civsTurbo modeCheats
Victory
Defeat
🇺🇾 Malians · Uruguay
1661
+14
🇻🇳 Bohemians · Vietnam
1539
+20
🇨🇳 Goths · China
1526
+20
🇹🇼 Franks · Taiwan
1514
+21
🇨🇳 Bohemians · China
1647
-20
🇨🇳 Tatars · China
1646
-20
1611
-18
🇧🇪 Berbers · Belgium
1579
-17
咸酸菜
2:36 Loom
8:51 Feudal Age
12:30 Castle Age
11:14 Double-Bit Axe
11:10 Horse Collar
25:26 Bow Saw
26:15 Wheelbarrow
26:26 Heavy Plow
26:27 Gold Mining
30:20 Imperial Age
28:18 Fortified Wall
30:26 Hand Cart
29:57 Town Watch
30:19 Silk Armor
30:45 Husbandry
30:55 Bloodlines
32:05 Chemistry
31:28 Ballistics
31:41 Padded Archer Armor
32:15 Conscription
33:12 Leather Archer Armor
35:51 Siege Engineers
37:35 Ring Archer Armor
牛欢喜
8:15 Feudal Age
11:59 Castle Age
10:10 Double-Bit Axe
10:16 Horse Collar
14:24 Fervor
19:15 Loom
20:05 Wheelbarrow
20:03 Fletching
25:34 Town Watch
26:16 Hand Cart
25:25 Pikeman
26:06 Squires
27:59 Bow Saw
32:50 Imperial Age
竞技场丢猪被笑三年
8:18 Feudal Age
8:59 Double-Bit Axe
9:11 Horse Collar
11:56 Castle Age
13:25 Bow Saw
21:25 Wheelbarrow
21:00 Stone Mining
21:46 Gold Mining
22:35 Stone Shaft Mining
22:16 Loom
23:48 Hand Cart
26:39 Imperial Age
24:15 Padded Archer Armor
24:16 Gold Mining
24:34 Fletching
25:31 Ballistics
25:05 Town Watch
26:16 Gold Shaft Mining
25:39 Bodkin Arrow
26:15 Thumb Ring
26:45 Heavy Plow
27:04 Bloodlines
26:54 Husbandry
27:23 Leather Archer Armor
27:49 Bracer
28:52 Chemistry
27:17 Light Cavalry
28:04 Scale Barding Armor
28:28 Conscription
28:54 Elite Mangudai
30:32 Murder Holes
30:47 Masonry
31:41 Forging
32:03 Heavy Scorpion
34:21 Fortified Wall
34:23 Masonry
bullseyes
2:41 Loom
8:37 Feudal Age
9:42 Double-Bit Axe
12:33 Castle Age
10:22 Horse Collar
13:46 Bow Saw
14:34 Bow Saw
18:53 Wheelbarrow
18:53 Heavy Plow
20:28 Gold Mining
20:30 Stone Mining
21:56 Scale Barding Armor
22:01 Forging
22:37 Hand Cart
23:00 Bloodlines
23:42 Husbandry
26:07 Chain Barding Armor
26:56 Gold Shaft Mining
30:04 Imperial Age
28:40 Iron Casting
27:56 Fletching
30:37 Kasbah
30:38 Bodkin Arrow
30:44 Padded Archer Armor
30:49 Scale Mail Armor
31:24 Plate Barding Armor
30:15 Heavy Camel Rider
30:32 Cavalier
32:20 Conscription
33:08 Maghrebi Camels
33:07 Bodkin Arrow
33:48 Plate Barding Armor
33:15 Padded Archer Armor
33:02 Elite Camel Archer
35:44 Chemistry
35:05 Ballistics
35:49 Chemistry
36:33 Bracer
37:36 Thumb Ring
FMG | Sawasha Takohida
7:41 Feudal Age
11:14 Castle Age
10:15 Double-Bit Axe
11:43 Horse Collar
19:20 Wheelbarrow
22:58 Loom
28:02 Imperial Age
26:02 Scale Barding Armor
26:41 Forging
27:04 Bow Saw
27:08 Husbandry
27:18 Bloodlines
27:37 Chain Barding Armor
27:35 Bloodlines
28:59 Iron Casting
28:39 Heavy Plow
28:36 Gold Mining
28:37 Stone Mining
30:00 Heavy Camel Rider
31:47 Farimba
33:11 Plate Barding Armor
33:49 Hand Cart
33:21 Light Cavalry
35:17 Conscription
Jhih
8:36 Feudal Age
12:31 Castle Age
10:28 Double-Bit Axe
12:52 Wheelbarrow
13:29 Bow Saw
14:12 Loom
21:25 Gold Mining
23:07 Loom
25:59 Imperial Age
23:40 Husbandry
24:39 Scale Barding Armor
25:32 Forging
26:02 Gold Shaft Mining
26:44 Chain Barding Armor
27:24 Iron Casting
26:11 Cavalier
28:25 Plate Barding Armor
28:12 Conscription
29:44 Blast Furnace
29:08 Paladin
29:48 Pikeman
30:28 Squires
30:14 Gambesons
30:15 Arson
30:31 Scale Mail Armor
32:29 Halberdier
33:27 Chain Mail Armor
35:00 Plate Mail Armor
35:45 Fletching
36:17 Ballistics
36:57 Chemistry
36:57 Hand Cart
36:28 Town Watch
36:55 Masonry
吾问无为谓
7:58 Feudal Age
12:39 Castle Age
10:36 Double-Bit Axe
11:20 Horse Collar
14:00 Bow Saw
20:22 Wheelbarrow
21:54 Heavy Plow
23:44 Hand Cart
26:22 Imperial Age
23:40 Loom
23:56 Gold Mining
24:23 Pikeman
25:03 Squires
26:31 Scale Mail Armor
26:41 Forging
26:59 Anarchy
26:27 Elite Huskarl
27:28 Chain Mail Armor
27:26 Forging
27:32 Squires
28:18 Conscription
30:05 Two-Man Saw
30:22 Iron Casting
29:10 Capped Ram
30:55 Halberdier
34:23 Perfusion
37:24 Crop Rotation
37:01 Stone Mining
7:58 Feudal Age
11:30 Castle Age
9:56 Double-Bit Axe
16:30 Chemistry
18:36 Horse Collar
22:32 Padded Archer Armor
26:38 Wheelbarrow
26:38 Bow Saw
33:35 Imperial Age
30:51 Loom
31:23 Leather Archer Armor
33:48 Hand Cart
35:29 Two-Man Saw
36:01 Ring Archer Armor
36:54 Houfnice
Connection lost

Rejoining the realm…

Still unreachable

The connection could not be restored.

Session expired

The server has moved on; the page needs a fresh start.